 Dungeon Sprint DCSS version 0.26-a0-835-g8259106e14 (webtiles) character file.

Game seed: 15854812935176937874

658 rocky1 the Arsonist (level 7, -5/36 HPs)
             Began as a Deep Elf Fire Elementalist on Nov 18, 2020.
             Was a High Priest of Sif Muna.
             Slain by an unseen horror (7 damage)
             ... in the Dungeon (Sprint VII: "The Pits").
             The game lasted 00:09:12 (1487 turns).

rocky1 the Arsonist (Deep Elf Fire Elementalist)    Turns: 1487, Time: 00:09:12

Health: -5/36      AC:  2    Str:  5    XL:     7   Next: 30%
Magic:  11/21      EV: 13    Int: 22    God:    Sif Muna [*****.]
Gold:   0          SH:  0    Dex: 15    Spells: 7/23 levels left

rFire    . . .     SeeInvis .   m - +2 quarterstaff (protect)
rCold    . . .     Faith    .   (shield currently unavailable)
rNeg     . . .     Spirit   .   a - +0 robe
rPois    .         Reflect  .   (no helmet)
rElec    .         Harm     .   (no cloak)
rCorr    .         Rampage  .   (no gloves)
MR       .....     NoTele   +   (no boots)
Stlth    ++........             (no amulet)
HPRegen  0.12/turn              (no ring)
MPRegen  0.17/turn              (no ring)

@: no status effects
A: no striking features
a: Channel Magic, Forget Spell, Divine Exegesis, Renounce Religion


You were in the Dungeon.
You worshipped Sif Muna.
Sif Muna was extremely pleased with you.
You visited 1 branch

Inventory:

Hand Weapons
 m - a +2 quarterstaff of protection (weapon)
Armour
 a - a +0 robe (worn)
 b - a +0 buckler
Scrolls
 j - 3 scrolls of remove curse
 k - 5 scrolls of amnesia
 l - a scroll of summoning
Potions
 c - 6 potions of curing
 d - 3 potions of heal wounds
 e - a potion of haste
 f - 4 potions of magic
 g - 2 potions of berserk rage
 i - 2 potions of invisibility


   Skills:
 - Level 2.4 Dodging
 - Level 2.4 Stealth
 + Level 8.6 Spellcasting
 + Level 3.5 Conjurations
 + Level 3.9 Hexes
 + Level 13.5 Fire Magic
 + Level 6.5 Invocations


You had 7 spell levels left.
You knew the following spells:

 Your Spells              Type           Power        Failure   Level
a - Foxfire               Conj/Fire      ####         1%          1
b - Sticky Flame          Conj/Fire      #####...     1%          4
c - Fireball              Conj/Fire      #####.....   6%          5
d - Conjure Flame         Conj/Fire      #####...     1%          3
e - Inner Flame           Hex/Fire       #####...     1%          3

Your spell library contained the following spells:

 Spells                   Type           Power        Failure   Level
 Lesser Beckoning         Tloc           #.........   22%         3
 Dispel Undead            Necr           #.......     56%         4
 Summon Forest            Summ/Tloc      #.........   89%         5
 Haunt                    Necr/Summ      #.........   100%        7
 Infestation              Necr           #.........   100%        8


Dungeon Overview and Level Annotations

Branches:
Dungeon (1/1)

Altars:
Ashenzari
Cheibriados
Dithmenos
Elyvilon
Fedhas
Gozag
Hepliaklqana
Kikubaaqudgha
Makhleb
Nemelex Xobeh
Okawaru
Qazlal
Ru
Sif Muna
Trog
Uskayaw
Vehumet
Wu Jian
Xom
Yredelemnul
Zin
The Shining One
Beogh
Jiyva
Lugonu


Message History

Casting: Sticky Flame (dangerous; 1% risk of failure)
Confirm with . or Enter, or press ? or * to list all spells.
Press: ? - help, Shift-Dir - straight line The sticky flame hits something.
The unseen horror is covered in liquid flames!
The unseen horror burns!
The unseen horror barely misses you.
Unknown command.
You hit the unseen horror but do no damage.
Your weapon exudes an aura of protection.
The unseen horror is heavily wounded.
The unseen horror burns!
The unseen horror hits you.
* * * LOW HITPOINT WARNING * * *
You feel much better.
The unseen horror burns!
The unseen horror barely misses you.
Unknown command.
The unseen horror burns!
Something hits you. Something hits you! x2
* * * LOW HITPOINT WARNING * * *
Something hits you!
You die...

#.###'###).##.......#
#.#†....#))##.......#
#.#.....#).##.......#
#.####†##'###...<...#
#.#..).....##.......#
#.#........##.......#
#'###########.......#
#.......#..##########
#..###..#@# ###
#.......#.# ...#
##.###.##'#....#
#.......#.†....+
#..###..#'#....#
#...[...'.#....#
########### ####


There were no monsters in sight!

Vanquished Creatures
  2 floating eyes (D)
  A black bear (D)
  A phantom (D)
  A big kobold (D)
  A gnoll sergeant (D)
  A crimson imp (D)
  A gnoll shaman (D)
  An iguana (D)
  An orc wizard (D)
  A hell rat (D)
  A gnoll (D)
  An ooze (D)
  2 leopard geckos (D)
  4 orcs (D)
  A giant cockroach (D)
  A goblin (D)
  A ball python skeleton (D)
  2 frilled lizards (D)
  A jackal skeleton (D)
  A kobold (D)
26 creatures vanquished.

Vanquished Creatures (others)
  106 foxfires (D)
106 creatures vanquished.

Grand Total: 132 creatures vanquished

Notes
Turn   | Place    | Note
-------+----------+-------------------------------------------
     0 | D        | rocky1 the Deep Elf Fire Elementalist began the quest for
                  | the Orb.
     0 | D        | Reached XP level 1. HP: 10/10 MP: 6/6
    24 | D        | Reached skill level 4 in Fire Magic
    29 | D        | Found a bloodstained altar of Trog.
    29 | D        | Found a shimmering blue altar of Sif Muna.
    29 | D        | Found a viscous altar of Jiyva.
    29 | D        | Found a hazy altar of Hepliaklqana.
    29 | D        | Found an opulent altar of Gozag.
    30 | D        | Found a glowing golden altar of the Shining One.
    30 | D        | Found a glowing silver altar of Zin.
    30 | D        | Found a basalt altar of Yredelemnul.
    30 | D        | Found a shimmering altar of Xom.
    30 | D        | Found an ornate altar of the Wu Jian Council.
    30 | D        | Found a sacrificial altar of Ru.
    30 | D        | Found a stormy altar of Qazlal.
    30 | D        | Found an iron altar of Okawaru.
    30 | D        | Found a sparkling altar of Nemelex Xobeh.
    30 | D        | Found a burning altar of Makhleb.
    30 | D        | Found a blossoming altar of Fedhas.
    30 | D        | Found a white marble altar of Elyvilon.
    30 | D        | Found a shadowy altar of Dithmenos.
    30 | D        | Found a snail-covered altar of Cheibriados.
    33 | D        | Found a corrupted altar of Lugonu.
    33 | D        | Found a radiant altar of Vehumet.
    33 | D        | Found a roughly hewn altar of Beogh.
    34 | D        | Found an ancient bone altar of Kikubaaqudgha.
    34 | D        | Found a hide-covered altar of Uskayaw.
    34 | D        | Found a broken altar of Ashenzari.
    35 | D        | Became a worshipper of Sif Muna the Loreminder
    71 | D        | Noticed a floating eye
    75 | D        | Paralysed by a floating eye for 3 turns
    80 | D        | Killed a floating eye
    81 | D        | Reached skill level 10 in Fire Magic
    81 | D        | Reached XP level 2. HP: 15/15 MP: 8/8
    81 | D        | Reached XP level 3. HP: 19/19 MP: 9/9
    81 | D        | Reached XP level 4. HP: 24/24 MP: 10/10
   110 | D        | Reached * piety under Sif Muna
   156 | D        | Reached ** piety under Sif Muna
   215 | D        | Learned a level 4 spell: Sticky Flame
   223 | D        | Noticed a black bear
   247 | D        | Reached skill level 11 in Fire Magic
   247 | D        | Reached *** piety under Sif Muna
   252 | D        | Killed a black bear
   253 | D        | Reached XP level 5. HP: 19/28 MP: 2/16
   260 | D        | Learned a level 5 spell: Fireball
   264 | D        | Learned a level 3 spell: Conjure Flame
   267 | D        | Reached **** piety under Sif Muna
   268 | D        | Reached skill level 12 in Fire Magic
   390 | D        | Learned a level 3 spell: Inner Flame
   438 | D        | Noticed a floating eye
   441 | D        | Paralysed by a floating eye for 2 turns
   446 | D        | Killed a floating eye
   446 | D        | Reached ***** piety under Sif Muna
   447 | D        | Reached XP level 6. HP: 32/32 MP: 18/18
   582 | D        | Identified Sif Muna's Tome of Quantum Evil Magic (Sif Muna
                  | gifted it to you in the Dungeon)
   582 | D        | Received a gift from Sif Muna
   583 | D        | Reached skill level 13 in Fire Magic
   583 | D        | Reached skill level 5 in Invocations
   832 | D        | Reached skill level 1 in Hexes
   843 | D        | Reached XP level 7. HP: 21/36 MP: 11/20
  1475 | D        | Noticed an unseen horror
  1487 | D        | Slain by an unseen horror

Illustrated notes

Levels and vault maps discovered:
D:        pitsprint [storerooms_1, entrance_room_1, metal_vault_4, armoury_2,
          mini_pit_1, grid_room_1, main_hall_1, silver_pit, the_coven_3,
          the_vestibule_1, steel_vault_2, golden_pit, hallway_of_sentries,
          crystal_vault_5, iron_vault_4, final_vault]

Skill      XL: |  1  2  3  4  5  6  7 |
---------------+----------------------+-----
Fire Magic     | 10 11 12 13 | 13.5
Spellcasting   | 6 7 8 |  8.6
Invocations    | 4 6 |  6.5
Hexes          | 2 3 |  3.9
Conjurations   | 2 3 |  3.5
Dodging        | |  2.4
Stealth        | |  2.4

Action                   |  1- 3 |  4- 6 |  7- 9 || total
-------------------------+-------+-------+-------++-------
Melee: Quarterstaff      |     4 |     9 |    20 ||    33
 Cast: Foxfire           |     3 |    59 |     5 ||    67
       Sticky Flame      |       |       |     3 ||     3
  Use: Potion            |       |     1 |     3 ||     4
       Scroll            |       |     1 |       ||     1
 Stab: Sleeping          |       |     1 |       ||     1
Armor: Robe              |       |       |     8 ||     8
Dodge: Dodged            |       |    11 |    16 ||    27

Table legend: (Time is in decaauts)
 A = Elapsed time spent in this place.
 B = Non-inter-level travel time spent in this place.
 C = Inter-level travel time spent in this place.
 D = Time resting spent in this place.
 E = Time spent auto-exploring this place.
 F = Levels seen in this place.
 G = Mean time per level.
                   A        B        C        D        E       F      G
               +--------+--------+--------+--------+--------+-----+--------+
         Total |   1503 |   1503 |      0 |   1015 |      0 |   1 | 1503.0 |
       Dungeon |   1503 |   1503 |      0 |   1015 |      0 |   1 | 1503.0 |
               +--------+--------+--------+--------+--------+-----+--------+

Top non-repeatable levels by time:
       D: 1503 daAuts
